 Dungeon Crawl Stone Soup version 0.25-a0-632-g7713895373 (webtiles) character file.

Game seed: 7396329608796257573, levelgen mode: deterministic

790 Amnesiac the Chopper (level 7, 0/91 HPs)
             Began as a Deep Dwarf Fighter on Mar 19, 2020.
             Succumbed to an orc wizard's poison
             ... on level 4 of the Dungeon.
             The game lasted 00:05:34 (1728 turns).

Amnesiac the Chopper (Deep Dwarf Fighter)           Turns: 1728, Time: 00:05:35

Health: 0/91       AC: 11    Str: 22    XL:     7   Next: 57%
Magic:  8/8        EV:  7    Int:  8    God:
Gold:   79         SH:  9    Dex: 12    Spells: 6/6 levels left

rFire    . . .     SeeInvis .   a - +0 war axe
rCold    . . .     Gourm    .   c - +0 kite shield
rNeg     . . .     Faith    .   g - +0 plate armour
rPois    .         Spirit   .   (no helmet)
rElec    .         Reflect  .   (no cloak)
rCorr    .         Harm     .   (no gloves)
MR       +....                  (no boots)
Stlth    ..........             (no amulet)
HPRegen  0.00/turn              p - +2 ring of evasion
MPRegen  0.11/turn              (no ring)

@: berserking, lethally poisoned (0 -> -6), non-regenerating, very quick
A: damage resistance, heal wounds, sense surroundings 1, no regeneration
a: Heal Wounds


You were on level 4 of the Dungeon.
You were not hungry.

You visited 2 branches of the dungeon, and saw 5 of its levels.

You collected 79 gold pieces.

Inventory:

Hand Weapons
 a - a +0 war axe (weapon)
 o - a +2 spear of pain
 r - a +0 hunting sling
Missiles
 s - 26 stones (quivered)
Armour
 c - a +0 kite shield (worn)
 g - a +0 plate armour (worn)
Jewellery
 l - an uncursed ring of ice {unknown}
 p - a +2 ring of evasion (left hand)
Wands
 n - a wand of random effects (15)
Scrolls
 e - 3 scrolls of identify {!r}
 k - 2 scrolls of remove curse {!r}
 m - a scroll of teleportation {!r}
 u - a scroll of magic mapping {!r, unknown}
Potions
 b - a potion of flight {!q}
 d - 3 potions of might {!q}
 j - 2 potions of stabbing {!q}
 q - 2 potions of curing {!q}
 t - a potion of cancellation {!q}
Comestibles
 f - 5 rations
 h - 8 chunks of flesh


   Skills:
 - Level 2.6 Fighting
 * Level 7.4 Axes
 + Level 3.4 Armour
 - Level 4.2 Dodging
 + Level 3.4 Shields
 + Level 3.9 Evocations


You had 6 spell levels left.
You didn't know any spells.
Your spell library contained the following spells:

 Spells                   Type           Power        Failure   Level  Hunger
 Confusing Touch          Hex            #.......     100%        3    ####...
 Gell's Gravitas          Tloc           #.........   100%        3    ####...
 Petrify                  Tmut/Erth      #.......     100%        4    #####..
 Metabolic Englaciation   Hex/Ice        #.........   100%        5    ######.
 Yara's Violent Unravell  Hex/Tmut       #.........   100%        5    ######.


Dungeon Overview and Level Annotations

Branches:
Dungeon (4/15)             Temple (1/1) D:4

Altars:
Cheibriados
Dithmenos
Elyvilon
Fedhas
Nemelex Xobeh
Okawaru
Qazlal
Ru
Sif Muna
Trog
Uskayaw
Vehumet
Wu Jian
Yredelemnul
Zin
The Shining One


Innate Abilities, Weirdness & Mutations

You are resistant to damage.
You can heal yourself by infusing magical energy.
You passively map a small area around you.
You do not regenerate.


Message History

The orc wizard hits you but does no damage.
You are poisoned.
The orc priest calls upon Beogh to heal the orc wizard.
The orc wizard is healed somewhat.
You hit the orc.
The orc is lightly wounded.
You block the orc's attack.
You hit the orc.
The orc is severely wounded.
You slash the orc!
You kill the orc!
Your shield and plate armour prevent you from hitting the orc priest.
You hit the orc priest.
The orc priest is moderately wounded.
Your shield and plate armour prevent you from hitting the orc wizard.
The orc priest begins to cast a cantrip, but forgets the words!
You block the orc wizard's attack.
Your plate armour prevents you from hitting the orc priest.
The orc priest is moderately wounded.
You hit the orc wizard.
The orc priest hits you but does no damage.
The orc priest mumbles some strange prayers to Beogh against you.
Beogh smites you!
* * * LOW HITPOINT WARNING * * *
You block the orc wizard's attack.
You closely miss the orc priest.
The orc priest is moderately wounded.
You hit the orc wizard but do no damage.
The orc priest barely misses you.
The orc priest mumbles some strange prayers to Beogh against you.
Beogh smites you!
* * * LOW HITPOINT WARNING * * *
The orc wizard hits you but does no damage.
You are more poisoned.
You slash the orc priest!
You kill the orc priest!
Your shield and plate armour prevent you from hitting the orc wizard.
You block the orc wizard's attack.
You miss the orc wizard.
The orc wizard is heavily wounded.
You closely miss the orc. You block the orc wizard's attack.
You block the orc's attack.
The orc wizard hits you but does no damage.
An orc priest comes into view. It is wielding a +0 dagger.
Your shield and plate armour prevent you from hitting the orc wizard.
The orc wizard is heavily wounded.
You completely miss the orc.
The orc hits you with a +3 dagger of venom.
* * * LOW HITPOINT WARNING * * *
You are more poisoned.
The orc wizard hits you with a +1 dagger of venom.
You are lethally poisoned!
An orc comes into view.
You closely miss the orc wizard.
The orc wizard is heavily wounded.
You closely miss the orc wizard.
* * * LOW HITPOINT WARNING * * *
You feel sick.
The orc wizard casts a spell.
The orc wizard seems to speed up.
Really quaff
i - a potion of berserk rage {!q}?
A red film seems to cover your vision as you go berserk!
You feel yourself moving faster!
You feel mighty!
You die...

, ##..... ... # * ,. #.....# *
.....# # ..,* #..o..## . ,*.....#
. ...###......# *, .. .......
#*,,....o.#......#*,....# .......
## ..###....)....##......,.......
.#....#....o....###....... #.....
.......#......###.........##.....
##.....#.####..#@.#.#..#.##......
##.##.>#.###..ooo.#.##.#.##......
#..#.......###..o...#....#...##..
.........................[..###..
............###.##....##.....##..
#............##..#....##.........
#.......##..........#........p###
........##........#.#..#........#
.........#............##.........


You could see an orc priest, 2 orc wizards and an orc.

Vanquished Creatures
  Pikel (Temple)
  2 slaves (D:4)
  A howler monkey (D:2)
  A hound (D:4)
  3 orc priests (D:4)
  2 orc wizards (D:4)
  A worker ant (D:4)
  3 adders
  2 dart slugs
  2 leopard geckos
  10 orcs
  3 ball pythons
  8 goblins
  4 hobgoblins
  4 jackals (D:3)
  A quokka (D:4)
  2 bats
  4 frilled lizards
  A jackal skeleton (D:4)
  7 kobolds
  6 rats
68 creatures vanquished.

Vanquished Creatures (others)
  A rat (D:3)
1 creature vanquished.

Grand Total: 69 creatures vanquished

Notes
Turn   | Place    | Note
-------+----------+-------------------------------------------
     0 | D:1      | Amnesiac the Deep Dwarf Fighter began the quest for the
                  | Orb.
     0 | D:1      | Reached XP level 1. HP: 20/20 MP: 1/1
   147 | D:1      | Reached skill level 3 in Axes
   198 | D:1      | Reached XP level 2. HP: 14/27 MP: 2/2
   697 | D:2      | Reached XP level 3. HP: 18/33 MP: 3/3
   736 | D:2      | Reached skill level 4 in Axes
   736 | D:2      | Reached skill level 1 in Dodging
   774 | D:2      | Reached XP level 4. HP: 11/40 MP: 4/4
  1240 | D:4      | Reached skill level 5 in Axes
  1240 | D:4      | Reached XP level 5. HP: 42/46 MP: 5/5
  1393 | D:4      | HP: 2/46 [orc priest/nerve-wracking pain (12)]
  1403 | D:4      | Noticed a slave
  1403 | D:4      | Noticed a slave
  1418 | D:4      | Found a staircase to the Ecumenical Temple.
  1427 | Temple   | Entered the Ecumenical Temple
  1514 | D:4      | Killed a slave
  1521 | D:4      | Killed a slave
  1554 | D:4      | Noticed Pikel
  1554 | D:4      | Noticed a slave
  1556 | D:4      | Reached skill level 1 in Evocations
  1556 | D:4      | Noticed a slave
  1636 | Temple   | Killed Pikel
  1636 | Temple   | Reached skill level 7 in Axes
  1636 | Temple   | Reached XP level 6. HP: 21/55 MP: 4/7
  1636 | Temple   | Reached XP level 7. HP: 23/61 MP: 4/8
  1727 | D:4      | HP: 2/61 [poisoned by an orc wizard]
  1728 | D:4      | Succumbed to an orc wizard's poison

Levels and vault maps discovered:
D:1:      saegor_arrival_miasma, layout_loops_ring
D:2:      wander_river, layout_rooms, marbit_many_paths, first_ration
D:3:      layout_loops_ring, chequers_temple_overflow_statue_of_worship
D:4:      layout_cave_pools, minmay_temple_entry_glassed_door, uniq_pikel
Temple:   kb_temple_of_zot

Skill      XL: |  1  2  3  4  5 |
---------------+----------------+-----
Axes           | 3 4 5 7 |  7.4
Dodging        | 1 2 4 |  4.2
Evocations     | 3 |  3.9
Fighting       | |  2.6
Armour         | |  3.4
Shields        | |  3.4

Action                   |  1- 3 |  4- 6 |  7- 9 || total
-------------------------+-------+-------+-------++-------
Melee: War axe           |    77 |   162 |    19 ||   258
 Abil: Heal Wounds       |       |     1 |       ||     1
Evoke: Wand              |       |     1 |       ||     1
  Use: Scroll            |       |     7 |       ||     7
       Potion            |       |     3 |     1 ||     4
  Eat: Chunk             |       |     3 |       ||     3
Armor: Scale mail        |    15 |       |       ||    15
       Chain mail        |     9 |    32 |       ||    41
       Plate armour      |       |    62 |     5 ||    67
Dodge: Dodged            |    20 |    55 |     1 ||    76
Block: Kite shield       |    42 |   101 |    12 ||   155

Table legend:
 A = Non-vault XP
 B = Vault XP
 C = Vault XP percentage of total XP
 D = Non-vault monster count
 E = Vault monster count
 F = Vault count percentage of total count
                 A         B        C        D         E       F
            +---------+---------+-------+---------+---------+-------
      Total |     456 |     673 |  59.6 |      65 |       1 |   1.5
            +---------+---------+-------+---------+---------+-------
        D:1 |      23 |       0 |   0.0 |      14 |       0 |   0.0
        D:2 |      95 |       0 |   0.0 |      12 |       0 |   0.0
        D:3 |      53 |       0 |   0.0 |      22 |       0 |   0.0
        D:4 |     285 |       0 |   0.0 |      17 |       0 |   0.0
     Temple |       0 |     673 | 100.0 |       0 |       1 | 100.0
            +---------+---------+-------+---------+---------+-------
